 Dungeon Crawl Stone Soup version 0.28-a0-794-gafe8c5f9e9 (webtiles) character file.

Game seed: 17293103931338128157

2645 bande the Cleaver (level 9, -2/55 HPs)
             Began as a Gargoyle Fighter on Nov 5, 2021.
             Was a Follower of Okawaru.
             Shot with an arrow by a centaur warrior (9 damage)
             ... on level 8 of the Dungeon on Nov 6, 2021.
             The game lasted 00:14:15 (9421 turns).

bande the Cleaver (Gargoyle Fighter)                Turns: 9421, Time: 00:14:16

Health: -2/55      AC: 17    Str: 28    XL:     9   Next: 62%
Magic:  11/11      EV:  7    Int: 10    God:    Okawaru [*.....]
Gold:   417        SH:  5    Dex: 11    Spells: 8/8 levels left

rFire   . . .      SeeInvis .   a - +1 war axe
rCold   . . .      Faith    +   c - +0 buckler
rNeg    + + .      Spirit   .   m - +0 plate armour
rPois   ∞          Reflect  .   (helmet restricted)
rElec   +          Harm     .   k - +1 cloak {rCorr}
rCorr   +          Rampage  .   (no gloves)
Will    .....                   (no boots)
Stlth   ..........              h - amulet of faith
HPRegen 0.18/turn               o - +6 ring of strength
MPRegen 0.12/turn               b - ring of positive energy

@: no status effects
A: sickness immunity, AC +6, negative energy resistance 1, electricity
resistance, torment resistance 1, petrification resistance, horns 1, talons 1,
deformed body, strong 1
a: Renounce Religion, Heroism


You were on level 8 of the Dungeon.
You worshipped Okawaru.
Okawaru was aware of your devotion.
You visited 2 branches of the dungeon, and saw 9 of its levels.

You collected 417 gold pieces.

Inventory:

Hand Weapons
 a - a +1 war axe (weapon)
 f - a +0 flail
 s - a +0 war axe
Armour
 c - a +0 buckler (worn)
 k - a +1 cloak of preservation (worn)
 l - a +0 helmet
 m - a +0 plate armour (worn)
Jewellery
 b - a ring of positive energy (right hand)
 h - an amulet of faith (around neck)
 o - a +6 ring of strength (left hand)
Wands
 p - a wand of paralysis (8)
Scrolls
 e - 3 scrolls of blinking
 g - a scroll of identify
 i - 3 scrolls of amnesia
Potions
 d - a potion of might
 j - a potion of curing
 n - a potion of flight
 q - a potion of berserk rage
 r - a potion of invisibility


   Skills:
 + Level 6.2 Fighting
 + Level 8.1 Axes
 + Level 7.3 Armour
 - Level 0.1 Stealth
 + Level 5.4 Shields
 * Level 3.0 Invocations
 * Level 1.6 Evocations


You had 8 spell levels left.
You didn't know any spells.
Your spell library contained the following spells:

 Spells                   Type           Power      Damage    Failure   Level
 Gell's Gravitas          Tloc           0%         N/A       100%        3
 Lesser Beckoning         Tloc           0%         N/A       100%        3
 Teleport Other           Tloc           0%         N/A       100%        3


Dungeon Overview and Level Annotations

Branches:
Dungeon (8/15)             Temple (1/1) D:4
   Lair: D:8-11

Altars:
Ashenzari
Cheibriados
Dithmenos
Elyvilon
Fedhas
Gozag
Hepliaklqana
Kikubaaqudgha
Nemelex Xobeh
Okawaru
Qazlal
Ru
Sif Muna
Trog
Uskayaw
Vehumet
Wu Jian
Yredelemnul
Zin
The Shining One


Innate Abilities, Weirdness & Mutations

You are immune to sickness and miasma.
Your stone body is resilient. (AC +6)
You are immune to poison.
You resist negative energy. (rN+)
You are resistant to electric shocks. (rElec)
You are resistant to unholy torment.
You are immune to petrification.
You have a pair of small horns on your head.
You have sharp toenails.
Armour fits poorly on your strangely shaped body.
Your muscles are strong. (Str +2)


Message History

You now have 413 gold pieces (gained 17).
Found a stone staircase leading down.
There is a stone staircase leading down here.
Found 17 arrows.
No target in view!
No target in view!
No target in view!
No target in view!
You see here 17 arrows.
Done exploring.
Done exploring.
No target in view!
No target in view!
Done exploring.
Done exploring.
There is a stone staircase leading down here.
You climb downwards.
Found an escape hatch in the floor.
Found a stone staircase leading up.
There is a stone staircase leading up here.
You open the door.
There is an open door here.
Found 23 stones.
Found a stone staircase leading down.
No target in view!
You now have 417 gold pieces (gained 4).
A centaur warrior comes into view.
The centaur warrior wields a +0 shortbow.
The centaur warrior shoots an arrow.
The arrow hits you!
A centaur warrior is nearby!
The centaur warrior shoots an arrow.
The arrow barely misses you.
The centaur warrior shoots an arrow.
The arrow hits you!
The centaur warrior shoots an arrow.
The arrow hits you!
You are too injured to fight recklessly!
You are too injured to fight recklessly!
You feel better.
The centaur warrior shoots an arrow.
You block the arrow.
The centaur warrior shoots an arrow.
The arrow hits you!!
* * * LOW HITPOINT WARNING * * *
The centaur warrior shoots an arrow.
You block the arrow.
The centaur warrior shoots an arrow.
The arrow hits you!
You die...

##### #.# #.#...#
#.# #.#.#.# #.#
#.#.#.# #.# #.#.#.#
#.# #.#.#.# #.# #
#.#.#.###.###c.###
#.........@.......
#...#.###.###..###
###...#.# #.# # ##
#.....#.# #..
.####.....#.###^#.
.#......>..........
.#....#.#.#......
..
.#....#.#.######.
#.. .............


You could see a centaur warrior.

Vanquished Creatures
  Pikel (D:7)
  Sigmund (D:3)
  2 steam dragons
  A sky beast (D:7)
  A black bear (D:5)
  An ogre (D:4)
  A hornet zombie (D:7)
  A centaur (D:7)
  2 phantoms
  2 bullfrogs
  A gnoll sergeant (D:5)
  3 scorpions
  3 wights (D:7)
  A howler monkey (D:6)
  2 bullfrog zombies
  2 jellies
  4 hounds
  Crazy Yiuf (D:5)
  A bullfrog skeleton (D:4)
  An orc priest (D:6)
  An iguana (D:4)
  Natasha (thrice) (D:3)
  An orc wizard (D:6)
  4 gnolls (D:5)
  6 adders
  3 white imps
  A worm (D:3)
  A dart slug (D:4)
  10 orcs
  5 ball pythons
  6 endoplasms
  5 giant cockroaches
  9 goblins
  6 hobgoblins
  4 jackals (D:3)
  7 kobolds
  3 quokkas
  4 bats
  2 frilled lizards
  3 rats
116 creatures vanquished.

Notes
Turn   | Place    | Note
-------+----------+-------------------------------------------
     0 | D:1      | bande the Gargoyle Fighter began the quest for the Orb.
     0 | D:1      | Reached XP level 1. HP: 14/14 MP: 1/1
   145 | D:1      | Reached XP level 2. HP: 19/19 MP: 2/2
   356 | D:1      | Reached skill level 2 in Axes
  1005 | D:2      | Reached XP level 3. HP: 21/24 MP: 3/3
  1517 | D:2      | Reached XP level 4. HP: 29/29 MP: 4/4
  1996 | D:3      | Found a bloodstained altar of Trog.
  1998 | D:3      | Found a glowing silver altar of Zin.
  2011 | D:3      | Noticed Sigmund
  2020 | D:3      | Killed Sigmund
  2021 | D:3      | Reached skill level 3 in Axes
  2021 | D:3      | Reached XP level 5. HP: 14/33 MP: 5/5
  2424 | D:3      | Found a sparkling altar of Nemelex Xobeh.
  2473 | D:3      | Reached XP level 6. HP: 28/38 MP: 6/6
  2790 | D:3      | Noticed Natasha
  2800 | D:3      | Killed Natasha
  2801 | D:3      | Reached skill level 4 in Axes
  2824 | D:3      | Gained mutation: Armour fits poorly on your strangely
                  | shaped body. [potion of mutation]
  2824 | D:3      | Gained mutation: Your muscles are strong. (Str +2) [potion
                  | of mutation]
  2824 | D:3      | Gained mutation: You have hidden genetic potential. [potion
                  | of mutation]
  2826 | D:3      | Noticed Natasha
  2832 | D:3      | Killed Natasha
  2835 | D:3      | Found a sacrificial altar of Ru.
  2837 | D:3      | Noticed Natasha
  2848 | D:3      | Killed Natasha
  3726 | D:4      | Reached XP level 7. HP: 21/44 MP: 7/7
  4037 | D:4      | Reached skill level 5 in Axes
  4178 | D:4      | Gained mutation: You have sharp toenails. [hidden
                  | potential]
  4614 | D:4      | Found a staircase to the Ecumenical Temple.
  4812 | Temple   | Entered the Ecumenical Temple
  5115 | D:5      | Entered Level 5 of the Dungeon
  5377 | D:5      | Reached skill level 5 in Armour
  5583 | D:5      | Found a faded altar of an unknown god.
  5583 | D:5      | Found a hazy altar of Hepliaklqana.
  5584 | D:5      | Found a faded altar of an unknown god.
  5586 | D:5      | Found a faded altar of an unknown god.
  5613 | D:5      | Reached skill level 6 in Axes
  5706 | D:5      | Reached XP level 8. HP: 44/48 MP: 8/8
  5853 | D:5      | Found a runed translucent door.
  5854 | D:5      | Noticed Crazy Yiuf
  6301 | D:5      | Reached skill level 5 in Fighting
  6305 | D:5      | Gained mutation: You have a pair of small horns on your
                  | head. [hidden potential]
  6305 | D:5      | Lost mutation: You have hidden genetic potential. [hidden
                  | potential expressed]
  6968 | D:5      | Killed Crazy Yiuf
  7421 | D:6      | Reached skill level 7 in Axes
  7421 | D:6      | Reached skill level 5 in Shields
  7595 | D:6      | Found an iron altar of Okawaru.
  7626 | D:6      | Became a worshipper of Warmaster Okawaru
  7948 | D:6      | Identified the +0 robe of the New World {rPois}
  8238 | D:7      | Reached skill level 1 in Invocations
  8275 | D:7      | Reached XP level 9. HP: 43/55 MP: 8/10
  8393 | D:7      | Reached * piety under Okawaru
  8753 | D:7      | Noticed Pikel
  8766 | D:7      | Killed Pikel
  8767 | D:7      | Reached skill level 8 in Axes
  8767 | D:7      | Reached skill level 1 in Evocations
  9416 | D:8      | Noticed a centaur warrior
  9421 | D:8      | Shot with an arrow by a centaur warrior

Illustrated notes

Levels and vault maps discovered:
D:1:      dpeg_arrival_lava_temple_mockup, layout_basic
D:2:      layout_basic, st_stairs_13, minmay_randomly_rotated_circles
D:3:      layout_loops_ring, mainiacjoe_overflow_alcove_4,
          mainiacjoe_overflow_cross_hatched, nicolae_overflow_hidden_temple,
          minivault_4, uniq_sigmund, uniq_natasha
D:4:      layout_loops_corners, minmay_temple_entry_enclosed_plants,
          minmay_starry_boxes
D:5:      layout_loops_ring, nicolae_hepliaklqana_ecumenical_no_more,
          serial_co_window_serial, co_window_paths_a,
          co_window_of_opportunity_a, co_window_corner_a, co_window_corner_a,
          co_window_paths_a, co_window_corner_b, co_window_cross_4,
          co_window_corner_ca, co_window_4corner_a, lightli_minifort,
          uniq_crazy_yiuf_cottage
D:6:      lemuel_ice_spiral_2, layout_basic, mainiacjoe_overflow_surrounded_room
D:7:      layout_loops_cross, uniq_pikel
D:8:      layout_basic, uniq_grum
Temple:   minmay_temple_curvy_branch

Skill      XL: |  1  2  3  4  5  6  7  8  9 |
---------------+----------------------------+-----
Axes           | 2 3 4 6 7 8 |  8.1
Fighting       | 4 5 6 |  6.2
Armour         | 4 5 6 7 |  7.3
Shields        | 4 5 |  5.4
Invocations    | 1 3 |  3.0
Evocations     | 1 |  1.6
Stealth        | |  0.1

Action                   |  1- 3 |  4- 6 |  7- 9 || total
-------------------------+-------+-------+-------++-------
Melee: War axe           |   104 |   111 |   199 ||   414
       Kick              |       |       |    45 ||    45
       Headbutt          |       |       |    27 ||    27
  Use: Scroll            |       |     5 |     9 ||    14
       Potion            |       |     1 |     2 ||     3
Armor: Scale mail        |    43 |       |    53 ||    96
       Plate armour      |    17 |    99 |   111 ||   227
Dodge: Dodged            |    56 |    47 |    89 ||   192
Block: Buckler           |    29 |    36 |    57 ||   122

Table legend: (Time is in decaauts)
 A = Elapsed time spent in this place.
 B = Non-inter-level travel time spent in this place.
 C = Inter-level travel time spent in this place.
 D = Time resting spent in this place.
 E = Time spent auto-exploring this place.
 F = Levels seen in this place.
 G = Mean time per level.
                   A        B        C        D        E       F      G
               +--------+--------+--------+--------+--------+-----+--------+
         Total |   9538 |   9423 |    115 |   1465 |   6625 |   9 | 1059.8 |
       Dungeon |   9286 |   9171 |    115 |   1465 |   6378 |   8 | 1160.8 |
        Temple |    252 |    252 |      0 |      0 |    247 |   1 |  252.0 |
               +--------+--------+--------+--------+--------+-----+--------+

Top non-repeatable levels by time:
     D:5: 1723 daAuts
     D:4: 1686 daAuts
     D:3: 1602 daAuts
     D:7: 1151 daAuts
     D:6: 1089 daAuts
     D:2: 1042 daAuts
     D:1: 941 daAuts
  Temple: 252 daAuts
     D:8: 48 daAuts
